Workbook
Name _na1: #REF!
Name _na1: #REF!
Name _na1: #REF!
Name _na2: #REF!
Name _na2: #REF!
Name _na2: #REF!
Name _na3: #REF!
Name _na3: #REF!
Name _na3: #REF!
Name _na4: #REF!
Name _na5: #REF!
Name _na6: #REF!
Name _na7: #REF!
Name _na8: #REF!
Name bases: #REF!
Name bases: #REF!
Name bases: #REF!
Name bases1: #REF!
Name bases1: #REF!
Name bases2: #REF!
Name bases2: #REF!
Name bases3: #REF!
Name bases4: #REF!
Name bases5: #REF!
Name bases6: #REF!
Name bases7: #REF!
Name bases8: #REF!
Name Build: #REF!
Name Build1: #REF!
Name Build2: #REF!
Name Build3: #REF!
Name Build4: #REF!
Name Build5: #REF!
Name Build6: #REF!
Name Build7: #REF!
Name Build8: #REF!
Name cmndBase: #REF!
Name cmndDayMonthTo: #REF!
Name cmndDays: #REF!
Name cmndDocNum: #REF!
Name cmndDocSer: #REF!
Name cmndFIO: #REF!
Name cmndOrdDay: #REF!
Name cmndOrdMonth: #REF!
Name cmndOrdNum: #REF!
Name cmndOrdYear: #REF!
Name cmndPoint: #REF!
Name cmndPoint1: #REF!
Name cmndPos: #REF!
Name cmndYearTo: #REF!
Name cntAddition: #REF!
Name cntDay: #REF!
Name cntMonth: #REF!
Name cntName: #REF!
Name cntNumber: #REF!
Name cntPayer: #REF!
Name cntPayer1: #REF!
Name cntPayerAddr1: #REF!
Name cntPayerAddr2: #REF!
Name cntPayerBank1: #REF!

Sheet Исходные данные
A1: Исходные данные для определения стоимости объекта в текущих ценах
B3: 1 | C3: Затраты на оборудование, мебель и инвентарь (Со) | D3: 0 | E3: сум
B4: 2 | C4: Затраты на строительные материалы, изделия и конструкции (См) | D4: =+РЕСУРС!H67 -> 1.0520531e+09 | E4: сум
C5: Транспортные расходы на материалы | D5: =РЕСУРС!H69 -> 0 | E5: сум
C6: Заготовительно-складские расходы | E6: сум
C7: Транспортные расходы на оборудование с загот.скл.расх | D7: 0 | E7: сум
B8: 3 | C8: Затраты на ОЗП с учетом начислений на соцстрах (Сзп) | D8: =ROUND(D9*D10/D11*D12,0) -> 17557733 | E8: сум
B9: 3.1 | C9: Нормативная трудоемкость объекта (Т) | D9: =+РЕСУРС!F15 -> 632.55246 | E9: чел/час
B10: 3.2 | C10: Среднегодовая заработная плата строителей по региону в расчете на месяц, определенная на основе статистических данных за предыдущие 12 месяцев, сум./месяц (Змс) | D10: =РЕСУРС!G15/1.12*'Исходные данные'!D11 -> 4070607.8 | E10: сум/месяц
B11: 3.3 | C11: Среднемесячный фонд рабочего времени в часах по данным Министерства труда и социальной защиты населения Республики Узбекистан (Ф) | D11: 164.25 | E11: час
B12: 3.4 | C12: Коэффициент учета размера отчислений на соцстрах (Ксс) | D12: 1.12
B13: 4 | C13: Затраты на эксплуатацию машин и механизмов (Сэм) | D13: =+РЕСУРС!H43 -> 1.1751574e+08 | E13: сум
C14: Сумма (сум)
B15: 5 | C15: Прочие затраты и расходы подрядчика (Пп) | D15: =(D4+D5+D8+D13)*D16 -> 2.0181151e+08 | E15: сум
C16: Процент (%) | D16: 0.17 | E16: %
C17: Сумма (сум) | E17: сум
B18: 6 | C18: Отраслевая рентабельность(Нпр) | D18: =(D4+D5+D8+D13)*D19 -> 0
C19: Процент (%) | D19: 0
C20: Сумма (сум)
B21: 7 | C21: Прочие затраты и расходы заказчика (Пз) | D21: 0 | E21: сум
C22: Процент (%) | E22: %
C23: Сумма (сум) | E23: сум
B24: 8 | C24: Затраты на страхование строительства объектов | D24: =(D4+D5+D8+D13+D15)*D25 -> 4444601.8 | E24: сум
C25: Процент (%) | D25: 0.0032 | E25: %
C26: Сумма (сум) | E26: сум
B27: 9 | C27: Коэффициент риска, исходя из прогноза индекса роста цен | D27: 1 | E27: %
C28: Итого стоимость объекта в текущих ценах | D28: =ROUND((D4+D8+D13+D15+D5+D6)*D27+D3+D7+D21+D18+D24,0)/1000 -> 1393382.7 | E28: тыс.сум

Sheet РЕСУРС
A2: ='Дефект акт'!A7 -> НАМАНГАН ВИЛОЯТИ КОСОНСОЙ ТУМАНИ ТАХТАКЎПРИК МФЙ КЎЧАЛАРИНИ АСФАЛТЛАШ
A4: СВОДНАЯ РЕСУРСНАЯ СМЕТА № 1
A5: ДОРОЖНЫЕ РАБОТЫ
A7: Основание: | C7: ВЕДОМОСТЬ ОБЪЕМОВ РАБОТ
A8: N п/п | B8: Шифр (обоснование) | C8: Код АВС | D8: Наименование ресурса | E8: Единица измерения | F8: Сметная потреб-ность | G8: Сметная стоимость, СУМ
G9: в текущем уровне
G10: единицы | H10: всего
A11: 1 | B11: 2 | C11: 3 | D11: 4 | E11: 5 | F11: 6 | G11: 7 | H11: 8
A13: Ресурсы по нормам СНиП
A14: Затраты труда
A15: 1. | C15: 1 | D15: Затраты труда рабочих-строителей | E15: чел.-ч | F15: 632.55246 | G15: 27756.96 | H15: =+G15*F15 -> 17557733
A16: 2. | C16: 3 | D16: Затраты труда машинистов | E16: чел.-ч | F16: 445.1106 | H16: 0
D17: Итого по трудовым ресурсам | E17: СУМ | H17: =SUM(H15:H16) -> 17557733
A19: Строительные машины и механизмы
A20: 1. | C20: 97 | D20: Автомобили-самосвалы грузоподъемностью до 30 т | E20: маш.-ч | F20: 23.8176 | G20: 316771 | H20: =+G20*F20 -> 7544725
A21: 2. | C21: 107 | D21: Автогрейдеры среднего типа 99 (135) кВт (л.с.) | E21: маш.-ч | F21: 45.916516 | G21: 294846 | H21: =+G21*F21 -> 13538301
A22: 3. | C22: 108 | D22: Автогудронаторы 3500 л | E22: маш.-ч | F22: 4.12932 | G22: 180023 | H22: =+G22*F22 -> 743372.57
A23: 4. | C23: 258 | D23: Бульдозеры при работе на других видах строительства 79 (108) кВт (л.с.) | E23: маш.-ч | F23: 0.86832 | G23: 207511 | H23: =+G23*F23 -> 180185.95
A24: 5. | C24: 403 | D24: Вибраторы глубинные | E24: маш.-ч | F24: 0.050112 | G24: 1672 | H24: =+G24*F24 -> 83.787264
A25: 6. | C25: 464 | D25: Гудронаторы ручные | E25: маш.-ч | F25: 3.9696 | G25: 303 | H25: =+G25*F25 -> 1202.7888
A26: 7. | C26: 619 | D26: Катки дорожные самоходные вибрационные 2,2 т | E26: маш.-ч | F26: 8.5554 | G26: 105589 | H26: =+G26*F26 -> 903356.13
A27: 8. | C27: 621 | D27: Катки дорожные самоходные гладкие 8 т | E27: маш.-ч | F27: 63.102368 | G27: 179705 | H27: =+G27*F27 -> 11339811
A28: 9. | C28: 623 | D28: Катки дорожные самоходные гладкие 13 т | E28: маш.-ч | F28: 46.087265 | G28: 202982 | H28: =+G28*F28 -> 9354885.3
A29: 10. | C29: 762 | D29: Краны на автомобильном ходу при работе на других видах строительства 10 т | E29: маш.-ч | F29: 0.228 | G29: 251577 | H29: =+G29*F29 -> 57359.556
A30: 11. | C30: 1025 | D30: Кирковщики | E30: маш.-ч | F30: 12.507791 | G30: 0 | H30: =+G30*F30 -> 0
A31: 12. | C31: 1069 | D31: Машины бурильные на тракторе 85 (115) кВт (л.с.) глубиной бурения 3,5 м | E31: маш.-ч | F31: 1.65 | G31: 274574 | H31: =+G31*F31 -> 453047.1
... A42: 23. | C42: 3457 | D42: Автомобили-самосвалы грузоподъемностью до 25 т | E42: маш.-ч | F42: 103.14413 | G42: 316771 | H42: =+G42*F42 -> 32673069
D43: Итого по строительным машинам | E43: СУМ | H43: =SUM(H20:H42) -> 1.1751574e+08
A45: Строительные материалы, изделия и детали
A46: 1. | C46: 6087 | D46: Асфальтобетонные смеси мелкозернистые типа Б М-2 | E46: т | F46: 1598.6902 | G46: 611471 | H46: =+G46*F46 -> 9.7755272e+08
A47: 2. | C47: 6322 | D47: Бетон тяжелый класса В15 /М-200/ фракции 5-20 мм | E47: м3 | F47: 0.2448 | G47: 370000 | H47: =+G47*F47 -> 90576
A48: 3. | C48: 9219 | D48: Вода | E48: м3 | F48: 180.93387 | G48: 0 | H48: =+G48*F48 -> 0
A49: 4. | C49: 12303 | D49: Гравийно-песчаная смесь | E49: м3 | F49: 850.21248 | G49: 31171 | H49: =+G49*F49 -> 26501973
A50: 5. | C50: 30135 | D50: Битум | E50: т | F50: 0.1799552 | G50: 5803571 | H50: =+G50*F50 -> 1044382.8
A51: 6. | C51: 30137 | D51: Эмульсия битумная | E51: т | F51: 8.17923 | G51: 4464285.7 | H51: =+G51*F51 -> 36514420
A52: 7. | C52: 30303 | D52: Болты с шестигранной головкой диаметром резьбы 10 мм | E52: т | F52: 0.0072 | G52: 15402000 | H52: =+G52*F52 -> 110894.4
A53: 8. | C53: 30407 | D53: Гвозди строительные | E53: т | F53: 4.56e-05 | G53: 9375000 | H53: =+G53*F53 -> 427.5
A54: 9. | C54: 30652 | D54: Известь строительная негашеная комовая, сорт 1 | E54: т | F54: 6e-05 | G54: 850000 | H54: =+G54*F54 -> 51
A55: 10. | C55: 31403 | D55: Грунтовка В-КФ-093 красно-коричневая, серая, черная | E55: т | F55: 0.0029025 | G55: 18482000 | H55: =+G55*F55 -> 53644.005
A56: 11. | C56: 31445 | D56: Краски перхлорвиниловые | E56: т | F56: 0.000843 | G56: 18482000 | H56: =+G56*F56 -> 15580.326
A57: 12. | C57: 31507 | D57: Растворители для лакокрасочных материалов Р-4А | E57: т | F57: 0.000507 | G57: 17188000 | H57: =+G57*F57 -> 8714.316
... A61: 16. | C61: 51619 | D61: Щиты из досок толщиной 25 мм | E61: м2 | F61: 0.132 | G61: 37500 | H61: =+G61*F61 -> 4950
A62: 1. | B62: С | D62: ДОРОЖНЫЙ ЗНАК 1.31 ТРЕУГОЛЬНОЙ, СВЕТООТРАЖАЮЩИХ, СТОРОНОЙ -700ММ. | E62: шт | F62: 5 | G62: 310000 | H62: =+G62*F62 -> 1550000
A63: 2. | B63: С | D63: Трубы металлические профил размером 50х50мм толщиной стенки 3,5 мм | E63: м | F63: 60 | G63: 35020 | H63: =+G63*F63 -> 2101200
A64: 3. | B64: С | D64: ЛЕЖАЧИЙ ПОЛИЦЕЙСКИЙ | E64: м | F64: 19 | G64: 178571.43 | H64: =+G64*F64 -> 3392857.1
A65: 4. | B65: С | D65: ДОРОЖНЫЙ ЗНАК 3.12 КРУГЛЫЙ, СВЕТООТРАЖАЮЩИХ, СТОРОНОЙ -700ММ. | E65: шт | F65: 5 | G65: 310000 | H65: =+G65*F65 -> 1550000
A66: 5. | B66: С | D66: ДОРОЖНЫЙ ЗНАК 2.4 ТРЕУГОЛЬНОЙ, СВЕТООТРАЖАЮЩИХ, СТОРОНОЙ -700ММ. | E66: шт | F66: 5 | G66: 310000 | H66: =+G66*F66 -> 1550000
D67: Итого по материальным ресурсам | E67: СУМ | H67: =SUM(H46:H66) -> 1.0520531e+09
D69: Транспорные расходы 3%

Sheet 01_ЛРВ
B2: НАМАНГАН ВИЛОЯТИ КОСОНСОЙ ТУМАНИ ТАХТАКУПРИК МФЙ КУЧАЛАРИНИ АСФАЛТЛАШ
B3: (наименование стройки)
C5: ЛОКАЛЬНАЯ РЕСУРСНАЯ ВЕДОМОСТЬ № | D5: 01
B6: (локальная ресурсная смета)
A8: на | B8: ДОРОЖНЫЕ РАБОТЫ,
B9: (наименование работ и затрат, наименование объекта)
A11: Основание: | C11: ДЕФЕКТНЫЙ АКТ
A12: N п.п. | B12: Шифр номера нормативов и коды ресурсов | C12: Наименование работ и затрат | D12: Единица измерения | E12: Количество | G12: Стоимость
E13: на. ед. измерения | F13: по проектным данным | G13: на. ед. измерения | H13: по проектным данным
A14: 1 | B14: 2 | C14: 3 | D14: 4 | E14: 5 | F14: 6 | G14: 7 | H14: 8
A16: РАЗДЕЛ 1. ЗЕМЛЯНЫЕ РАБОТЫ
A17: 1 | B17: Е0102-027-02 | C17: ПЛАНИРОВКА ПЛОЩАДЕЙ МЕХАНИЗИРОВАННЫМ СПОСОБОМ, ГРУППА ГРУНТОВ 2 | D17: 1000М2 | E17: 1.296
A18: 1.1 | B18: 3 | C18: ЗАТРАТЫ ТРУДА МАШИНИСТОВ | D18: ЧЕЛ.-Ч | E18: 1.1 | F18: 1.4256
A19: 1.2 | B19: 107 | C19: АВТОГРЕЙДЕРЫ СРЕДНЕГО ТИПА 99 (135) КВТ (Л.С.) | D19: МАШ.-Ч | E19: 0.43 | F19: 0.55728
A20: 1.3 | B20: 258 | C20: БУЛЬДОЗЕРЫ ПРИ РАБОТЕ НА ДРУГИХ ВИДАХ СТРОИТЕЛЬСТВА 79 (108) КВТ (Л.С.) | D20: МАШ.-Ч | E20: 0.67 | F20: 0.86832
A21: РАЗДЕЛ 2. ДОРОЖНАЯ ОДЕЖДА
A22: 2 | B22: Е2703-1-3 | C22: ИСПРАВЛЕНИЕ ПРОФИЛЯ ОСНОВАНИЙ ГРАВИЙНО-ПЕСЧАНОЙ СМЕСИ С ДОБАВЛЕНИЕМ НОВОГО МАТЕРИАЛА | D22: 1000М2 ПЛОЩАДИ ОСНОВАНИЯ | E22: 11.2683
A23: 2.1 | B23: 1 | C23: ЗАТРАТЫ ТРУДА РАБОЧИХ-СТРОИТЕЛЕЙ | D23: ЧЕЛ.-Ч | E23: 30.9 | F23: 348.1899
A24: 2.2 | B24: 3 | C24: ЗАТРАТЫ ТРУДА МАШИНИСТОВ | D24: ЧЕЛ.-Ч | E24: 16.35 | F24: 184.2364
A25: 2.3 | B25: 107 | C25: АВТОГРЕЙДЕРЫ СРЕДНЕГО ТИПА 99 (135) КВТ (Л.С.) | D25: МАШ.-Ч | E25: 3.7 | F25: 41.6926
A26: 2.4 | B26: 621 | C26: КАТКИ ДОРОЖНЫЕ САМОХОДНЫЕ ГЛАДКИЕ 8 Т | D26: МАШ.-Ч | E26: 5.6 | F26: 63.1024
A27: 2.5 | B27: 623 | C27: КАТКИ ДОРОЖНЫЕ САМОХОДНЫЕ ГЛАДКИЕ 13 Т | D27: МАШ.-Ч | E27: 4.09 | F27: 46.0873
A28: 2.6 | B28: 1025 | C28: КИРКОВЩИКИ | D28: МАШ.-Ч | E28: 1.11 | F28: 12.5078
A29: 2.7 | B29: 1135 | C29: МАШИНЫ ПОЛИВОМОЕЧНЫЕ 6000 Л | D29: МАШ.-Ч | E29: 1.95 | F29: 21.9731
A30: 2.8 | B30: 1835 | C30: ТРАКТОРЫ НА ГУСЕНИЧНОМ ХОДУ 79 (108) КВТ (Л.С.) | D30: МАШ.-Ч | E30: 1.01 | F30: 11.381
A31: 2.9 | B31: 9219 | C31: ВОДА | D31: М3 | E31: 15 | F31: 169.0242
A32: 2.10 | B32: 12303 | C32: ГРАВИЙНО-ПЕСЧАНАЯ СМЕСЬ | D32: М3 | E32: 66 | F32: 743.7065
A33: 3 | B33: Е2706-026-01 | C33: ПОДГРУНТОВКА БИТУМНОЙ ЭМУЛЬСИИ С ДОСТАВКОЙ НА 10 КМ | D33: Т | E33: 7.941
A34: 3.1 | B34: 3 | C34: ЗАТРАТЫ ТРУДА МАШИНИСТОВ | D34: ЧЕЛ.-Ч | E34: 1.04 | F34: 8.2586
A35: 3.2 | B35: 108 | C35: АВТОГУДРОНАТОРЫ 3500 Л | D35: МАШ.-Ч | E35: 0.52 | F35: 4.1293
A36: 3.3 | B36: 30137 | C36: ЭМУЛЬСИЯ БИТУМНАЯ | D36: Т | E36: 1.03 | F36: 8.1792
A37: 4 | B37: Е2713-010-01 ДОП. 9 | C37: УСТРОЙСТВО ПОКРЫТИЯ ИЗ ГОРЯЧИХ ПЛОТНЫХ МЕЛКОЗЕРНИСТЫХ АСФАЛЬТОБЕТОННЫХ СМЕСЕЙ АСФАЛЬТОУКЛАДЧИКАМИ ТИПА "VOGELE" ПРИ ШИРИНЕ УКЛАДКИ ДО 6 М И ТОЛЩИНОЙ СЛОЯ 4 СМ | D37: 1000М2 ПОКРЫТИЯ | E37: 13.232
A38: 4.1 | B38: 1 | C38: ЗАТРАТЫ ТРУДА РАБОЧИХ-СТРОИТЕЛЕЙ | D38: ЧЕЛ.-Ч | E38: 16.63 | F38: 220.0482
A39: 4.2 | B39: 3 | C39: ЗАТРАТЫ ТРУДА МАШИНИСТОВ | D39: ЧЕЛ.-Ч | E39: 9.38 | F39: 124.1162
A40: 4.3 | B40: 97 | C40: АВТОМОБИЛИ-САМОСВАЛЫ ГРУЗОПОДЪЕМНОСТЬЮ ДО 30 Т | D40: МАШ.-Ч | E40: 1.44 | F40: 19.0541
A41: 4.4 | B41: 464 | C41: ГУДРОНАТОРЫ РУЧНЫЕ | D41: МАШ.-Ч | E41: 0.24 | F41: 3.1757
A42: 4.5 | B42: 1135 | C42: МАШИНЫ ПОЛИВОМОЕЧНЫЕ 6000 Л | D42: МАШ.-Ч | E42: 0.5 | F42: 6.616
A43: 4.6 | B43: 2798 | C43: РЕЗЧИКИ ШВОВ ДИСКОВЫЕ | D43: МАШ.-Ч | E43: 0.12 | F43: 1.5878
A44: 4.7 | B44: 3097 | C44: УКЛАДЧИКИ АСФАЛЬТОБЕТОНА ТИПА "VOGELE" С ШИРИНОЙ УКЛАДКИ ДО 6,5 М | D44: МАШ.-Ч | E44: 1.44 | F44: 19.0541
A45: 4.8 | B45: 3348 | C45: КАТКИ САМОХОДНЫЕ ДОРОЖНЫЕ ВИБРАЦИОННЫЕ ТИПА "DYNAPAC", "HAMM", "BOMAG", 8 Т | D45: МАШ.-Ч | E45: 3.08 | F45: 40.7546
A46: 4.9 | B46: 3349 | C46: КАТКИ САМОХОДНЫЕ ДОРОЖНЫЕ ВИБРАЦИОННЫЕ ТИПА "DYNAPAC", "HAMM", "BOMAG", 10 Т | D46: МАШ.-Ч | E46: 1.37 | F46: 18.1278
A47: 4.10 | B47: 3350 | C47: КАТКИ САМОХОДНЫЕ ДОРОЖНЫЕ ВИБРАЦИОННЫЕ ТИПА "DYNAPAC", "HAMM", "BOMAG", 13 Т | D47: МАШ.-Ч | E47: 1.55 | F47: 20.5096
A48: 4.11 | B48: 6087 | C48: АСФАЛЬТОБЕТОННЫЕ СМЕСИ МЕЛКОЗЕРНИСТЫЕ ТИПА Б М-2 | D48: Т | E48: 96.6 | F48: 1278.2112
A49: 4.12 | B49: 9219 | C49: ВОДА | D49: М3 | E49: 0.9 | F49: 11.9088
A50: 4.13 | B50: 30135 | C50: БИТУМ | D50: Т | E50: 0.0108 | F50: 0.142906
A51: 5 | B51: Е2713-011-01 ДОП. 9 К=2 | C51: УВЕЛИЧЕНИЕ ТОЛЩИНЫ СЛОЯ НА 1 СМ | D51: 1000 М2 | E51: 13.232
A52: 5.1 | B52: 1 | C52: ЗАТРАТЫ ТРУДА РАБОЧИХ-СТРОИТЕЛЕЙ | D52: ЧЕЛ.-Ч | E52: 1.16 | F52: 15.3491
A53: 5.2 | B53: 3 | C53: ЗАТРАТЫ ТРУДА МАШИНИСТОВ | D53: ЧЕЛ.-Ч | E53: 0.72 | F53: 9.527
A54: 5.3 | B54: 97 | C54: АВТОМОБИЛИ-САМОСВАЛЫ ГРУЗОПОДЪЕМНОСТЬЮ ДО 30 Т | D54: МАШ.-Ч | E54: 0.36 | F54: 4.7635
A55: 5.4 | B55: 464 | C55: ГУДРОНАТОРЫ РУЧНЫЕ | D55: МАШ.-Ч | E55: 0.06 | F55: 0.79392
A56: 5.5 | B56: 2798 | C56: РЕЗЧИКИ ШВОВ ДИСКОВЫЕ | D56: МАШ.-Ч | E56: 0.03 | F56: 0.39696
A57: 5.6 | B57: 3097 | C57: УКЛАДЧИКИ АСФАЛЬТОБЕТОНА ТИПА "VOGELE" С ШИРИНОЙ УКЛАДКИ ДО 6,5 М | D57: МАШ.-Ч | E57: 0.36 | F57: 4.7635
A58: 5.7 | B58: 6087 | C58: АСФАЛЬТОБЕТОННЫЕ СМЕСИ МЕЛКОЗЕРНИСТЫЕ ТИПА Б М-2 | D58: Т | E58: 24.22 | F58: 320.479
A59: 5.8 | B59: 30135 | C59: БИТУМ | D59: Т | E59: 0.0028 | F59: 0.03705
A60: 6 | B60: Е2714-005-01 | C60: УКРЕПЛЕНИЕ ОБОЧИН ПЕСЧАНО-ГРАВИЙНОЙ СМЕСЬЮ, ТОЛЩИНА СЛОЯ 10 СМ | D60: 100 М2 | E60: 17.46
A61: 6.1 | B61: 3 | C61: ЗАТРАТЫ ТРУДА МАШИНИСТОВ | D61: ЧЕЛ.-Ч | E61: 0.7 | F61: 12.222
A62: 6.2 | B62: 107 | C62: АВТОГРЕЙДЕРЫ СРЕДНЕГО ТИПА 99 (135) КВТ (Л.С.) | D62: МАШ.-Ч | E62: 0.21 | F62: 3.6666
A63: 6.3 | B63: 619 | C63: КАТКИ ДОРОЖНЫЕ САМОХОДНЫЕ ВИБРАЦИОННЫЕ 2,2 Т | D63: МАШ.-Ч | E63: 0.49 | F63: 8.5554
A64: 6.4 | B64: 12303 | C64: ГРАВИЙНО-ПЕСЧАНАЯ СМЕСЬ | D64: М3 | E64: 12.6 | F64: 219.996
A65: 7 | B65: Е2714-005-02 К=5 | C65: УМЕНШЕНИЕ ТОЛЩИНЫ СЛОЯ НА 5 СМ | D65: 100 М2 | E65: -17.46
A66: 7.1 | B66: 12303 | C66: ГРАВИЙНО-ПЕСЧАНАЯ СМЕСЬ | D66: М3 | E66: 6.5 | F66: -113.49
A67: РАЗДЕЛ 3. ДОРОЖНЫЕ ЗНАКИ
A68: 8 | B68: Е2709-008-01 | C68: УСТАНОВКА ОПОР ИЗ МЕТАЛЛИЧЕСКИЕ ПРОФИЛ РАЗМЕРОМ 50Х50ММ 3,5 ММ ДЛЯ ДОРОЖНЫХ ЗНАКОВ С УСТАНОВКОЙ ЩИТКОВ | D68: 100 ШТ | E68: 0.15
A69: 8.1 | B69: 1 | C69: ЗАТРАТЫ ТРУДА РАБОЧИХ-СТРОИТЕЛЕЙ | D69: ЧЕЛ.-Ч | E69: 320 | F69: 48
A70: 8.2 | B70: 3 | C70: ЗАТРАТЫ ТРУДА МАШИНИСТОВ | D70: ЧЕЛ.-Ч | E70: 14.53 | F70: 2.1795
A71: 8.3 | B71: 762 | C71: КРАНЫ НА АВТОМОБИЛЬНОМ ХОДУ ПРИ РАБОТЕ НА ДРУГИХ ВИДАХ СТРОИТЕЛЬСТВА 10 Т | D71: МАШ.-Ч | E71: 1.52 | F71: 0.228
A72: 8.4 | B72: 1069 | C72: МАШИНЫ БУРИЛЬНЫЕ НА ТРАКТОРЕ 85 (115) КВТ (Л.С.) ГЛУБИНОЙ БУРЕНИЯ 3,5 М | D72: МАШ.-Ч | E72: 11 | F72: 1.65
A73: 8.5 | B73: 2499 | C73: АВТОМОБИЛИ БОРТОВЫЕ ГРУЗОПОДЪЕМНОСТЬЮ ДО 5 Т | D73: МАШ.-Ч | E73: 2.01 | F73: 0.3015
A74: 8.6 | B74: 30303 | C74: БОЛТЫ С ШЕСТИГРАННОЙ ГОЛОВКОЙ ДИАМЕТРОМ РЕЗЬБЫ 10 ММ | D74: Т | E74: 0.048 | F74: 0.0072
A75: 8.7 | B75: 31403 | C75: ГРУНТОВКА В-КФ-093 КРАСНО-КОРИЧНЕВАЯ, СЕРАЯ, ЧЕРНАЯ | D75: Т | E75: 0.01935 | F75: 0.002903
A76: 8.8 | B76: 31445 | C76: КРАСКИ ПЕРХЛОРВИНИЛОВЫЕ | D76: Т | E76: 0.00562 | F76: 0.000843
A77: 8.9 | B77: 31507 | C77: РАСТВОРИТЕЛИ ДЛЯ ЛАКОКРАСОЧНЫХ МАТЕРИАЛОВ Р-4А | D77: Т | E77: 0.00338 | F77: 0.000507
A78: 9 | B78: Е0601-001-03 ДОП. 3 | C78: УСТРОЙСТВО ФУНДАМЕНТА ПОД ОПОРИ ИЗ БЕТОНА В-15 | D78: 100 М3 БЕТОНА | E78: 0.0024
A79: 9.1 | B79: 1 | C79: ЗАТРАТЫ ТРУДА РАБОЧИХ-СТРОИТЕЛЕЙ | D79: ЧЕЛ.-Ч | E79: 402.22 | F79: 0.965328
A80: 9.2 | B80: 3 | C80: ЗАТРАТЫ ТРУДА МАШИНИСТОВ | D80: ЧЕЛ.-Ч | E80: 0.48 | F80: 0.001152
A81: 9.3 | B81: 403 | C81: ВИБРАТОРЫ ГЛУБИННЫЕ | D81: МАШ.-Ч | E81: 20.88 | F81: 0.050112
A82: 9.4 | B82: 1571 | C82: ПИЛА ЭЛЕКТРИЧЕСКАЯ ЦЕПНАЯ | D82: МАШ.-Ч | E82: 0.72 | F82: 0.001728
A83: 9.5 | B83: 2509 | C83: АВТОМОБИЛИ БОРТОВЫЕ ГРУЗОПОДЪЕМНОСТЬЮ ДО 5 Т | D83: МАШ.-Ч | E83: 0.48 | F83: 0.001152
A84: 9.6 | B84: 6322 | C84: БЕТОН ТЯЖЕЛЫЙ КЛАССА В15 /М-200/ ФРАКЦИИ 5-20 ММ | D84: М3 | E84: 102 | F84: 0.2448
A85: 9.7 | B85: 9219 | C85: ВОДА | D85: М3 | E85: 0.364 | F85: 0.000874
A86: 9.8 | B86: 30407 | C86: ГВОЗДИ СТРОИТЕЛЬНЫЕ | D86: Т | E86: 0.019 | F86: 4.6e-05
A87: 9.9 | B87: 30652 | C87: ИЗВЕСТЬ СТРОИТЕЛЬНАЯ НЕГАШЕНАЯ КОМОВАЯ, СОРТ 1 | D87: Т | E87: 0.025 | F87: 6e-05
A88: 9.10 | B88: 32524 | C88: КАТАНКА ГОРЯЧЕКАТАНАЯ В МОТКАХ ДИАМЕТРОМ 6,3-6,5 ММ | D88: Т | E88: 0.025 | F88: 6e-05
A89: 9.11 | B89: 35516 | C89: РОГОЖА | D89: М2 | E89: 123 | F89: 0.2952
A90: 9.12 | B90: 36061 | C90: ДОСКИ ОБРЕЗНЫЕ ХВОЙНЫХ ПОРОД ДЛИНОЙ 4-6,5 М, ШИРИНОЙ 75-150 ММ, ТОЛЩИНОЙ 44 ММ И БОЛЕЕ, III СОРТА | D90: М3 | E90: 0.59 | F90: 0.001416
A91: 9.13 | B91: 51619 | C91: ЩИТЫ ИЗ ДОСОК ТОЛЩИНОЙ 25 ММ | D91: М2 | E91: 55 | F91: 0.132
A92: 10 | B92: С | C92: ТРУБЫ МЕТАЛЛИЧЕСКИЕ ПРОФИЛ РАЗМЕРОМ 50Х50ММ ТОЛЩИНОЙ СТЕНКИ 3,5 ММ | D92: М | E92: 60
A93: 11 | B93: С | C93: ДОРОЖНЫЙ ЗНАК 2.4 ТРЕУГОЛЬНОЙ, СВЕТООТРАЖАЮЩИХ, СТОРОНОЙ -700ММ. | D93: ШТ | E93: 5
A94: 12 | B94: С | C94: ДОРОЖНЫЙ ЗНАК 1.31 ТРЕУГОЛЬНОЙ, СВЕТООТРАЖАЮЩИХ, СТОРОНОЙ -700ММ. | D94: ШТ | E94: 5
A95: 13 | B95: С | C95: ДОРОЖНЫЙ ЗНАК 3.12 КРУГЛЫЙ, СВЕТООТРАЖАЮЩИХ, СТОРОНОЙ -700ММ. | D95: ШТ | E95: 5
A96: 14 | B96: С | C96: ЛЕЖАЧИЙ ПОЛИЦЕЙСКИЙ | D96: М | E96: 19
A97: РАЗДЕЛ 4. ПЕРЕВОЗКА
A98: 15 | B98: Е310-1010 ШНК4.04.06-14 Р.3.Т.7 К=0,41 | C98: ПЕРЕВОЗКА ГРУЗОВ АВТОМОБИЛЕМ, РАССТОЯНИЕ ПЕРЕВОЗКИ 10 КМ (АСФАЛЬТ ДО ОБЪЕКТА). ПРИ ПЕРЕВОЗКЕ АВТОСАМОСВАЛАМИ ГРУЗОПОДЪЕМНОСТЬЮ 25, ПРИМЕНЕН КОЭФФИЦИЕНТ К НОРМАМ ЗАТРАТ ТРУДА МАШИНИСТОВ И ЭКСПЛУАТАЦИИ МАШИН - 0,41 | D98: Т | E98: 1598.6902
A99: 15.1 | B99: 3 | C99: ЗАТРАТЫ ТРУДА МАШИНИСТОВ | D99: ЧЕЛ.-Ч | E99: 0.043132 | F99: 68.9547
A100: 15.2 | B100: 3457 | C100: АВТОМОБИЛИ-САМОСВАЛЫ ГРУЗОПОДЪЕМНОСТЬЮ ДО 25 Т | D100: МАШ.-Ч | E100: 0.043132 | F100: 68.9547
A101: 16 | B101: Е310-1005 ШНК4.04.06-14 Р.3.Т.7 К=0,41 | C101: ПЕРЕВОЗКА ГРУЗОВ АВТОМОБИЛЕМ, РАССТОЯНИЕ ПЕРЕВОЗКИ 5 КМ (ГРАВИЙНО-ПЕСЧАНОЙ СМЕСИ ДО ОБЪЕКТА). ПРИ ПЕРЕВОЗКЕ АВТОСАМОСВАЛАМИ ГРУЗОПОДЪЕМНОСТЬЮ 25, ПРИМЕНЕН КОЭФФИЦИЕНТ К НОРМАМ ЗАТРАТ ТРУДА МАШИНИСТОВ И ЭКСПЛУАТАЦИИ МАШИН - 0,41 | D101: Т | E101: 1360.34
A102: 16.1 | B102: 3 | C102: ЗАТРАТЫ ТРУДА МАШИНИСТОВ | D102: ЧЕЛ.-Ч | E102: 0.025133 | F102: 34.1894
A103: 16.2 | B103: 3457 | C103: АВТОМОБИЛИ-САМОСВАЛЫ ГРУЗОПОДЪЕМНОСТЬЮ ДО 25 Т | D103: МАШ.-Ч | E103: 0.025133 | F103: 34.1894

Sheet жадвал
A1: автомобил йўли тўшамасини таъмирлаш ишлари қайдномаси
A3: Т/р | B3: Ишнинг манзили | D3: Узун- лиги, метр | E3: Йўлнинг эни, метр | F3: Туташма- нинг четки юзаси, м2 | G3: Таъмирланадиган йўлнинг юзаси, м2 | H3: Тип
B4: боши | C4: охири
B5: ПК+ | C5: ПК+
A6: Трасса 1 (Сой бўйи кўчаси)
A7: 1 | B7: 0+00 | C7: 4+00 | D7: =IFERROR((REPLACE(C7,2,1,))-(REPLACE(B7,2,1,)),) -> 400 | E7: 4 | F7: 21.02 | G7: =+E7*D7+F7 -> 1621.02 | H7: I
A8: =+A7+1 -> 2 | B8: =+C7 -> 4+00 | C8: 7+24 | D8: =IFERROR((REPLACE(C8,2,1,))-(REPLACE(B8,2,1,)),) -> 324 | E8: 4 | G8: =+E8*D8+F8 -> 1296 | H8: II
A9: Трасса 2 (Сой бўйи кўчаси)
A10: =+A8+1 -> 3 | B10: 0+00 | C10: 7+53 | D10: =IFERROR((REPLACE(C10,2,1,))-(REPLACE(B10,2,1,)),) -> 753 | E10: 4 | F10: 6.86 | G10: =+E10*D10+F10 -> 3018.86 | H10: I
A11: Трасса 3 (Гўзал диёр кўчаси)
A12: =+A10+1 -> 4 | B12: 0+00 | C12: 8+40 | D12: =IFERROR((REPLACE(C12,2,1,))-(REPLACE(B12,2,1,)),) -> 840 | E12: 4 | F12: =10.73+5.36 -> 16.09 | G12: =+E12*D12+F12 -> 3376.09 | H12: I
A13: Трасса 4 (Гўзал диёр кўчаси)
A14: =+A12+1 -> 5 | B14: 0+00 | C14: 3+97 | D14: =IFERROR((REPLACE(C14,2,1,))-(REPLACE(B14,2,1,)),) -> 397 | E14: 3 | F14: =6.86*2 -> 13.72 | G14: =+E14*D14+F14 -> 1204.72 | H14: I
A15: Трасса 5 (Гўзал диёр кўчаси)
A16: =+A14+1 -> 6 | B16: 0+00 | C16: 3+50 | D16: =IFERROR((REPLACE(C16,2,1,))-(REPLACE(B16,2,1,)),) -> 350 | E16: 4 | F16: =10.73+6.86 -> 17.59 | G16: =+E16*D16+F16 -> 1417.59 | H16: I
A17: Трасса 6 (Садача кўчаси)
A18: =+A16+1 -> 7 | B18: 0+00 | C18: 4+28 | D18: =IFERROR((REPLACE(C18,2,1,))-(REPLACE(B18,2,1,)),) -> 428 | E18: 3 | F18: =6.86*2 -> 13.72 | G18: =+E18*D18+F18 -> 1297.72 | H18: I
B19: жами | D19: =SUM(D7:D18) -> 3492 | G19: =SUM(G7:G18) -> 13232

Sheet Объемка
A1: =+'Дефект акт'!A7 -> НАМАНГАН ВИЛОЯТИ КОСОНСОЙ ТУМАНИ ТАХТАКЎПРИК МФЙ КЎЧАЛАРИНИ АСФАЛТЛАШ
A2: Йиғма иш хажми қайдномаси
A4: № | B4: Ишнинг номланиши | C4: Ўлчов бирлиги | D4: Хажми
B5: Умумий маълумотлар
A6: 1 | B6: Таъмирланаётган йўл бўлагининг узунлиги | C6: м | D6: =+жадвал!D19 -> 3492
A7: 2 | B7: Қатнов кисмининг ўртача эни | C7: м | D7: 3,5-4,0
A8: 3 | B8: Буюртмачи - Наманган минтақавий йўлларга буюртмачи хизмати ДМ
A9: 4 | B9: Курувчи ташкилоти - Танлов асосида аниқланади
A10: 5 | B10: Ишлар бажариладиган худуд - Наманган вилояти Косонсой тумани
A11: 6 | B11: Курилиш монтаж ишлари автотранспорт харакати тўхтатилган холда бажарилади
B12: Ер ишлари
A13: 1 | B13: Йўл пойини автогрейдер ёрдамида геометрик шаклга келтириш | C13: м2 | D13: =SUMIF('Дефект акт'!$F$15:$F$81,B13,'Дефект акт'!$I$15:$I$81) -> 1296
B14: Йўл тушамаси
A15: =+A13+1 -> 2 | B15: Мавжуд йўл профилини 1000м2 га 66 м3 янги ҚШАли материал қўшиш йўли билан тиклаш | C15: м2 | D15: =SUM(D31:D32) -> 11268.28
A16: =+A15+1 -> 3 | B16: Битум эмульцияси билан юзаки ишлов бериш 0,6 л/м2 | C16: т | D16: =SUMIF('Дефект акт'!$F$15:$F$81,B16,'Дефект акт'!$I$15:$I$81) -> 7.941
A17: =+A16+1 -> 4 | B17: Асфальтоукладчик ёрдамида қайноқ майда заррали зич асфальтобетондан 5 см қалинликда қоплама ёткизиш. (ГОСТ 9128-2013) | C17: м2 | D17: =SUMIF('Дефект акт'!$F$15:$F$81,B17,'Дефект акт'!$I$15:$I$81) -> 13232
A18: =+A17+1 -> 5 | B18: Қум шағал аралашмаси ёрдамида 5 см қалинликда йўл марзасини мустаҳкамлаш | C18: м2 | D18: =SUMIF('Дефект акт'!$F$15:$F$81,B18,'Дефект акт'!$I$15:$I$81) -> 1746
B19: Йўл белгиларини ўрнатиш
A20: =+A18+1 -> 6 | B20: Йўл белгиларини узунлиги 4 м ўлчами 50х50 мм бўлган металл устинини B-15 маркали қуйма бетон пойдеворга ўрнатиш | C20: дона | D20: =SUMIF('Дефект акт'!$F$15:$F$81,B20,'Дефект акт'!$I$15:$I$81) -> 15
C21: м3 | D21: =+D20*0.016 -> 0.24
A22: =+A20+1 -> 7 | B22: Томонлари 700 мм бўлган 2.4. "Йўл беринг" йўл белгиси | C22: дона | D22: =SUMIF('Дефект акт'!$F$15:$F$81,B22,'Дефект акт'!$I$15:$I$81) -> 5
A23: =+A22+1 -> 8 | B23: Томонлари 700 мм бўлган 1.31. "Сунъий йўл нотекислиги" йўл белгиси | C23: дона | D23: =SUMIF('Дефект акт'!$F$15:$F$81,B23,'Дефект акт'!$I$15:$I$81) -> 5
A24: =+A23+1 -> 9 | B24: Ўлчами 700 мм бўлган 3.12 "Ўққа тушадиган оғирлик чекланган" йўл белгиси | C24: дона | D24: =SUMIF('Дефект акт'!$F$15:$F$81,B24,'Дефект акт'!$I$15:$I$81) -> 5
A25: =+A24+1 -> 10 | B25: Сунъий нотекислик (лежачий полицейский) ўрнатиш | C25: м | D25: =SUMIF('Дефект акт'!$F$15:$F$81,B25,'Дефект акт'!$I$15:$I$81) -> 19
D27: =SUM(D12:D25) -> 27599.461
D28: =SUM('Дефект акт'!I15:I81) -> 27599.461
D29: =+D28-D27 -> 0
B31: Мавжуд йўл профилини 1000м2 га 66 м3 янги ҚШАли материал қўшиш йўли билан тиклаш | C31: м2 | D31: =SUMIF('Дефект акт'!$F$15:$F$81,B31,'Дефект акт'!$I$15:$I$81) -> 5601.67
B32: Мавжуд қопламани механизм ёрдамида хайдаб бузиб, 1000м2 га 66 м3 янги ҚШАли материал қўшиш йўли билан тиклаш | C32: м2 | D32: =SUMIF('Дефект акт'!$F$15:$F$81,B32,'Дефект акт'!$I$15:$I$81) -> 5666.61

Sheet ТРАНСПОРТ
A1: Транспортные расходы на перевозымые грузы
A2: =+'Дефект акт'!A7 -> НАМАНГАН ВИЛОЯТИ КОСОНСОЙ ТУМАНИ ТАХТАКЎПРИК МФЙ КЎЧАЛАРИНИ АСФАЛТЛАШ
A4: № П/П | B4: Наменование материалов | C4: Единица измерения | D4: Коли-чество | E4: Удель- ный вес | F4: Общая тонна | G4: Автотранспортная км | H4: тн/км | I4: Стоимость за один тн/км | J4: Всего
E5: тн
A6: 1 | B6: 2 | C6: 3 | D6: 4 | E6: 6 | F6: 7 | G6: 9 | H6: 10 | I6: 11 | J6: 12
A7: 1 | B7: Смесь асфальтобетонная горячая пористая мелкозернистая | C7: т | D7: =SUMIF(РЕСУРС!$D$15:$D$403,B7,РЕСУРС!$F$15:$F$403) -> 0 | E7: 1 | F7: =+E7*D7 -> 0 | G7: =+'Дефект акт'!G84 -> 0 | H7: =+G7*F7 -> 0 | J7: =+I7*H7 -> 0
A8: 2 | B8: Гравийно-песчаная смесь | C8: м3 | D8: =SUMIF(РЕСУРС!$D$15:$D$403,B8,РЕСУРС!$F$15:$F$403) -> 850.21248 | E8: 1.6 | F8: =+E8*D8 -> 1360.34 | G8: =+'Дефект акт'!G85 -> 0 | H8: =+G8*F8 -> 0 | J8: =+I8*H8 -> 0
A9: 3 | B9: Щебень из естественного камня для строительных работ М-1000-1200 фракции 5-20 мм | C9: м3 | D9: =SUMIF(РЕСУРС!$D$15:$D$403,B9,РЕСУРС!$F$15:$F$403) -> 0 | E9: 1.45 | F9: =+E9*D9 -> 0 | G9: =+'Дефект акт'!#REF! -> #REF! | H9: =+G9*F9 -> #REF! | J9: =+I9*H9 -> #REF!
A10: 4 | B10: Остальные материалы 3%
B11: ИТОГО
I15: =SUMIF(#REF!,G15,#REF!) -> #REF!

Sheet Дефект акт
G1: "ТАСДИҚЛАЙМАН"
G2: Наманган минтақавий йўлларга буюртмачи хизмати ДМ директори
G4: ____________________ _____________
G5: "______" __________________2026 й
A7: НАМАНГАН ВИЛОЯТИ КОСОНСОЙ ТУМАНИ ТАХТАКЎПРИК МФЙ КЎЧАЛАРИНИ АСФАЛТЛАШ
A8: НУКСОНЛАР ДАЛОЛАТНОМАСИ
A9: Биз, куйида имзо чекувчилар, комиссия аъзолари: Наманган вилояти минтақавий йўлларга буюртмачи хизмати ДМ бажарилган ишларни қабул қилиш бўлими мутахассиси, лойиҳа таъминоти бўлими бошлиғи, Тахтакўприк МФЙ раиси, ташаббускор ҳамда лойиҳа ташкилот вакиллари мазкур далолатномани визуал текшириш ва инструментал ўлчашлар натижасида туздик ва ушбу кўча бўйича қуйидаги иш турлари ва хажмлари аниқланди:
A10: № т.р | B10: Ишлар манзили | D10: Узунлиги, метр | E10: Йўл элементларининг мавжуд ҳолати | F10: Лойиҳада кўзда тутилган иш турлари ва тадбирлар | G10: Иш хажмларини хисоблаш формуласи | H10: Ўлчов бирлиги | I10: Миқдори (хажм)
B11: боши | C11: охири
B12: ПК+ | C12: ПК+
A13: 1 | B13: 2 | C13: 3 | D13: 4 | E13: 5 | F13: 6 | G13: 7 | H13: 8 | I13: 9
A14: Трасса 1 (Сой бўйи кўчаси)
A15: 1 | B15: 0+00 | C15: 4+00 | D15: 400 | E15: Йўлнинг мавжуд холати эски асфальтобетон қопламадан иборат бўлиб, тўрсимон ёриқлар, чуқурчалар, буткул бузилишлар, чўкишлар мавжуд. | F15: Мавжуд қопламани механизм ёрдамида хайдаб бузиб, 1000м2 га 66 м3 янги ҚШАли материал қўшиш йўли билан тиклаш | G15: 400 м х 4 м + 21,02 м2 | H15: м2 | I15: 1621.02
F16: Битум эмульцияси билан юзаки ишлов бериш 0,6 л/м2 | G16: 0,6 х 1621,02 м2 / 1000 | H16: т | I16: 0.973
F17: Асфальтоукладчик ёрдамида қайноқ майда заррали зич асфальтобетондан 5 см қалинликда қоплама ёткизиш. (ГОСТ 9128-2013) | G17: 400 м х 4 м + 21,02 м2 | H17: м2 | I17: 1621.02
F18: Қум шағал аралашмаси ёрдамида 5 см қалинликда йўл марзасини мустаҳкамлаш | G18: 400 м х 0,25 м х 2 | H18: м2 | I18: 200
A19: 2 | B19: 4+00 | C19: 7+24 | D19: 324 | E19: Йўлнинг мавжуд холати чақиқ тошдан иборат бўлиб, чўкишлар нотекисликлар мавжуд. | F19: Йўл пойини автогрейдер ёрдамида геометрик шаклга келтириш | G19: 324 м х 4 м | H19: м2 | I19: 1296
F20: Битум эмульцияси билан юзаки ишлов бериш 0,6 л/м2 | G20: 0,6 х 1296 м2 / 1000 | H20: т | I20: 0.778
F21: Асфальтоукладчик ёрдамида қайноқ майда заррали зич асфальтобетондан 5 см қалинликда қоплама ёткизиш. (ГОСТ 9128-2013) | G21: 324 м х 4 м | H21: м2 | I21: 1296
F22: Қум шағал аралашмаси ёрдамида 5 см қалинликда йўл марзасини мустаҳкамлаш | G22: 324 м х 0,25 м х 2 | H22: м2 | I22: 162
A23: 3 | B23: 0+05 0+50 0+05 | E23: Йўл белгилари етишмайди. | F23: Йўл белгиларини узунлиги 4 м ўлчами 50х50 мм бўлган металл устинини B-15 маркали қуйма бетон пойдеворга ўрнатиш | G23: 3 дона | H23: дона | I23: 3
G24: 0,048 м3 | H24: м3 | I24: 0.048
F25: Томонлари 700 мм бўлган 2.4. "Йўл беринг" йўл белгиси | G25: 1 дона | H25: дона | I25: 1
F26: Томонлари 700 мм бўлган 1.31. "Сунъий йўл нотекислиги" йўл белгиси | G26: 1 дона | H26: дона | I26: 1
F27: Ўлчами 700 мм бўлган 3.12 "Ўққа тушадиган оғирлик чекланган" йўл белгиси | G27: 1 дона | H27: дона | I27: 1
A28: 4 | B28: 0+05 | F28: Сунъий нотекислик (лежачий полицейский) ўрнатиш | G28: 4 м | H28: м | I28: 4
A29: Трасса 2 (Сой бўйи кўчаси)
A30: 5 | B30: 0+00 | C30: 7+53 | D30: 753 | E30: Йўлнинг мавжуд холати эски асфальтобетон қопламадан иборат бўлиб, тўрсимон ёриқлар, чуқурчалар, буткул бузилишлар, чўкишлар мавжуд. | F30: Мавжуд қопламани механизм ёрдамида хайдаб бузиб, 1000м2 га 66 м3 янги ҚШАли материал қўшиш йўли билан тиклаш | G30: 753 м х 4 м + 6,86 м2 | H30: м2 | I30: 3018.86
F31: Битум эмульцияси билан юзаки ишлов бериш 0,6 л/м2 | G31: 0,6 х 3018,86 м2 / 1000 | H31: т | I31: 1.811
F32: Асфальтоукладчик ёрдамида қайноқ майда заррали зич асфальтобетондан 5 см қалинликда қоплама ёткизиш. (ГОСТ 9128-2013) | G32: 753 м х 4 м + 6,86 м2 | H32: м2 | I32: 3018.86
F33: Қум шағал аралашмаси ёрдамида 5 см қалинликда йўл марзасини мустаҳкамлаш | G33: 753 м х 0,25 м х 2 | H33: м2 | I33: 376.5
A34: 6 | B34: 0+05 0+50 0+05 | E34: Йўл белгилари етишмайди. | F34: Йўл белгиларини узунлиги 4 м ўлчами 50х50 мм бўлган металл устинини B-15 маркали қуйма бетон пойдеворга ўрнатиш | G34: 3 дона | H34: дона | I34: 3
G35: 0,048 м3 | H35: м3 | I35: 0.048
F36: Томонлари 700 мм бўлган 2.4. "Йўл беринг" йўл белгиси | G36: 1 дона | H36: дона | I36: 1
F37: Томонлари 700 мм бўлган 1.31. "Сунъий йўл нотекислиги" йўл белгиси | G37: 1 дона | H37: дона | I37: 1
F38: Ўлчами 700 мм бўлган 3.12 "Ўққа тушадиган оғирлик чекланган" йўл белгиси | G38: 1 дона | H38: дона | I38: 1
A39: 7 | B39: 0+05 | F39: Сунъий нотекислик (лежачий полицейский) ўрнатиш | G39: 4 м | H39: м | I39: 4
A40: Трасса 3 (Гўзал диёр кўчаси)
A41: 8 | B41: 0+00 | C41: 2+54 | D41: 254 | E41: Йўлнинг мавжуд холати эски асфальтобетон қопламадан иборат бўлиб, тўрсимон ёриқлар, чуқурчалар, буткул бузилишлар, чўкишлар мавжуд. | F41: Мавжуд қопламани механизм ёрдамида хайдаб бузиб, 1000м2 га 66 м3 янги ҚШАли материал қўшиш йўли билан тиклаш | G41: 254 м х 4 м + 10,73 м2 | H41: м2 | I41: 1026.73
F42: Битум эмульцияси билан юзаки ишлов бериш 0,6 л/м2 | G42: 0,6 х 1026,73 м2 / 1000 | H42: т | I42: 0.616
F43: Асфальтоукладчик ёрдамида қайноқ майда заррали зич асфальтобетондан 5 см қалинликда қоплама ёткизиш. (ГОСТ 9128-2013) | G43: 254 м х 4 м + 10,73 м2 | H43: м2 | I43: 1026.73
F44: Қум шағал аралашмаси ёрдамида 5 см қалинликда йўл марзасини мустаҳкамлаш | G44: 254 м х 0,25 м х 2 | H44: м2 | I44: 127
A45: 9 | B45: 2+54 | C45: 8+40 | D45: 586 | E45: Йўлнинг мавжуд холати қум шағал аралашмасидан иборат бўлиб, чўкишлар нотекисликлар мавжуд. | F45: Мавжуд йўл профилини 1000м2 га 66 м3 янги ҚШАли материал қўшиш йўли билан тиклаш | G45: 586 м х 4 м + 5,36 м2 | H45: м2 | I45: 2349.36
F46: Битум эмульцияси билан юзаки ишлов бериш 0,6 л/м2 | G46: 0,6 х 2349,36 м2 / 1000 | H46: т | I46: 1.41
F47: Асфальтоукладчик ёрдамида қайноқ майда заррали зич асфальтобетондан 5 см қалинликда қоплама ёткизиш. (ГОСТ 9128-2013) | G47: 586 м х 4 м + 5,36 м2 | H47: м2 | I47: 2349.36
F48: Қум шағал аралашмаси ёрдамида 5 см қалинликда йўл марзасини мустаҳкамлаш | G48: 586 м х 0,25 м х 2 | H48: м2 | I48: 293
A49: 10 | B49: 8+35 7+90 8+35 | E49: Йўл белгилари етишмайди. | F49: Йўл белгиларини узунлиги 4 м ўлчами 50х50 мм бўлган металл устинини B-15 маркали қуйма бетон пойдеворга ўрнатиш | G49: 3 дона | H49: дона | I49: 3
G50: 0,048 м3 | H50: м3 | I50: 0.048
F51: Томонлари 700 мм бўлган 2.4. "Йўл беринг" йўл белгиси | G51: 1 дона | H51: дона | I51: 1
F52: Томонлари 700 мм бўлган 1.31. "Сунъий йўл нотекислиги" йўл белгиси | G52: 1 дона | H52: дона | I52: 1
F53: Ўлчами 700 мм бўлган 3.12 "Ўққа тушадиган оғирлик чекланган" йўл белгиси | G53: 1 дона | H53: дона | I53: 1
A54: 11 | B54: 8+35 | F54: Сунъий нотекислик (лежачий полицейский) ўрнатиш | G54: 4 м | H54: м | I54: 4
A55: Трасса 4 (Гўзал диёр кўчаси)
A56: 12 | B56: 0+00 | C56: 3+97 | D56: 397 | E56: Йўлнинг мавжуд холати қум шағал аралашмасидан иборат бўлиб, чўкишлар нотекисликлар мавжуд. | F56: Мавжуд йўл профилини 1000м2 га 66 м3 янги ҚШАли материал қўшиш йўли билан тиклаш | G56: 397 м х 3 м + 13,72 м2 | H56: м2 | I56: 1204.72
F57: Битум эмульцияси билан юзаки ишлов бериш 0,6 л/м2 | G57: 0,6 х 1204,72 м2 / 1000 | H57: т | I57: 0.723
F58: Асфальтоукладчик ёрдамида қайноқ майда заррали зич асфальтобетондан 5 см қалинликда қоплама ёткизиш. (ГОСТ 9128-2013) | G58: 397 м х 3 м + 13,72 м2 | H58: м2 | I58: 1204.72
F59: Қум шағал аралашмаси ёрдамида 5 см қалинликда йўл марзасини мустаҳкамлаш | G59: 397 м х 0,25 м х 2 | H59: м2 | I59: 198.5
A60: 13 | B60: 0+05 0+50 0+05 | E60: Йўл белгилари етишмайди. | F60: Йўл белгиларини узунлиги 4 м ўлчами 50х50 мм бўлган металл устинини B-15 маркали қуйма бетон пойдеворга ўрнатиш | G60: 3 дона | H60: дона | I60: 3
G61: 0,048 м3 | H61: м3 | I61: 0.048
F62: Томонлари 700 мм бўлган 2.4. "Йўл беринг" йўл белгиси | G62: 1 дона | H62: дона | I62: 1
F63: Томонлари 700 мм бўлган 1.31. "Сунъий йўл нотекислиги" йўл белгиси | G63: 1 дона | H63: дона | I63: 1
F64: Ўлчами 700 мм бўлган 3.12 "Ўққа тушадиган оғирлик чекланган" йўл белгиси | G64: 1 дона | H64: дона | I64: 1
A65: 14 | B65: 0+05 | F65: Сунъий нотекислик (лежачий полицейский) ўрнатиш | G65: 3 м | H65: м | I65: 3
A66: Трасса 5 (Гўзал диёр кўчаси)
A67: 15 | B67: 0+00 | C67: 3+50 | D67: 350 | E67: Йўлнинг мавжуд холати қум шағал аралашмасидан иборат бўлиб, чўкишлар нотекисликлар мавжуд. | F67: Мавжуд йўл профилини 1000м2 га 66 м3 янги ҚШАли материал қўшиш йўли билан тиклаш | G67: 350 м х 4 м + 17,59 м2 | H67: м2 | I67: 1417.59
F68: Битум эмульцияси билан юзаки ишлов бериш 0,6 л/м2 | G68: 0,6 х 1417,59 м2 / 1000 | H68: т | I68: 0.851
F69: Асфальтоукладчик ёрдамида қайноқ майда заррали зич асфальтобетондан 5 см қалинликда қоплама ёткизиш. (ГОСТ 9128-2013) | G69: 350 м х 4 м + 17,59 м2 | H69: м2 | I69: 1417.59
F70: Қум шағал аралашмаси ёрдамида 5 см қалинликда йўл марзасини мустаҳкамлаш | G70: 350 м х 0,25 м х 2 | H70: м2 | I70: 175
A71: 16 | B71: 0+05 0+50 0+05 | E71: Йўл белгилари етишмайди. | F71: Йўл белгиларини узунлиги 4 м ўлчами 50х50 мм бўлган металл устинини B-15 маркали қуйма бетон пойдеворга ўрнатиш | G71: 3 дона | H71: дона | I71: 3
G72: 0,048 м3 | H72: м3 | I72: 0.048
F73: Томонлари 700 мм бўлган 2.4. "Йўл беринг" йўл белгиси | G73: 1 дона | H73: дона | I73: 1
F74: Томонлари 700 мм бўлган 1.31. "Сунъий йўл нотекислиги" йўл белгиси | G74: 1 дона | H74: дона | I74: 1
F75: Ўлчами 700 мм бўлган 3.12 "Ўққа тушадиган оғирлик чекланган" йўл белгиси | G75: 1 дона | H75: дона | I75: 1
A76: 17 | B76: 0+05 | F76: Сунъий нотекислик (лежачий полицейский) ўрнатиш | G76: 4 м | H76: м | I76: 4
A77: Трасса 6 (Садача кўчаси)
A78: 18 | B78: 0+00 | C78: 4+28 | D78: 428 | E78: Йўлнинг мавжуд холати қум шағал аралашмасидан иборат бўлиб, айрим қисмларида чўкишлар нотекисликлар мавжуд. | F78: Мавжуд йўл профилини 1000м2 га 66 м3 янги ҚШАли материал қўшиш йўли билан тиклаш | G78: 210 м х 3 м | H78: м2 | I78: 630
F79: Битум эмульцияси билан юзаки ишлов бериш 0,6 л/м2 | G79: 0,6 х 1297,72 м2 / 1000 | H79: т | I79: 0.779
F80: Асфальтоукладчик ёрдамида қайноқ майда заррали зич асфальтобетондан 5 см қалинликда қоплама ёткизиш. (ГОСТ 9128-2013) | G80: 428 м х 3 м + 13,72 м2 | H80: м2 | I80: 1297.72
F81: Қум шағал аралашмаси ёрдамида 5 см қалинликда йўл марзасини мустаҳкамлаш | G81: 428 м х 0,25 м х 2 | H81: м2 | I81: 214
A82: Материалларини ўртача ташиш масофалари
A83: Т/р | B83: Материаллар номи | F83: Ўртача ташиш масофаси, км
A84: 1 | B84: Асфальтобетон, битум эмульсияси | F84: 10
A85: 2 | B85: Қум-шағал аралашмаси | F85: 5
A88: Бажарилган ишларни қабул қилиш бўлими мутахассиси | I88: _____________ ___________________________
A90: Лойиҳа таъминоти бўлими бошлиғи | I90: _____________ ___________________________
A92: Қурама МФЙ раиси | I92: _____________ ___________________________
A94: Ташаббускор | I94: _____________ ___________________________
A96: Лойиҳа ташкилоти вакили | I96: _____________ ___________________________
